 Dungeon Crawl Stone Soup version 0.19.0 (webtiles) character file.

99701 gg19 the Shatterer (level 16, -8/182 HPs)
             Began as an Ogre Abyssal Knight on Nov 18, 2016.
             Was a High Priest of Lugonu.
             Killed from afar by a tengu reaver (30 damage)
             ... with a freezing blast
             ... on level 14 of the Dungeon.
             The game lasted 01:39:55 (40884 turns).

gg19 the Shatterer (Ogre Abyssal Knight)           Turns: 40884, Time: 01:39:56

Health: -8/182     AC: 21    Str: 24    XL:     16   Next: 25%
Magic:  22/24      EV: 17    Int: 11    God:    Lugonu [*****.]
Gold:   158        SH:  0    Dex: 11    Spells: 1 memorised, 13 levels left

rFire  . . .     SeeInvis .     a - +6 giant spiked club
rCold  . . .     Gourm    .     P - +3 steam dragon scales
rNeg   . . .     Faith    .     (shield currently unavailable)
rPois  .         Spirit   .     (helmet restricted)
rElec  .         Reflect  .     B - +2 cloak
rCorr  .         Harm     .     (gloves unavailable)
MR     +....                    (boots unavailable)
Stlth  +.........               R - amulet of rage
                                w - +3 ring of evasion
                                F - ring of Robustness {AC+8}

@: no status effects
A: unfitting armour, tough skin 1
a: Depart the Abyss, Bend Space, Banish, Corrupt, Enter the Abyss, Renounce
Religion, Evoke Berserk Rage


You were on level 14 of the Dungeon.
You worshipped Lugonu.
Lugonu was extremely pleased with you.
You were very hungry.

You visited 3 branches of the dungeon, and saw 22 of its levels.
You visited the Abyss 1 time.

You collected 2160 gold pieces.
You spent 2002 gold pieces at shops.

Inventory:

Hand Weapons
 a - a +6 giant spiked club (weapon)
 b - the +6 hunting sling of Disgust {flame, rElec}
   (You found it on level 5 of the Dungeon)

   It causes projectiles fired from it to burn those they strike, causing extra
   injury to most foes and up to half again as much damage against particularly
   susceptible opponents.
   It insulates you from electricity.
Missiles
 k - 17 poisoned needles
 o - 182 stones
 s - 5 throwing nets
 S - 13 large rocks (quivered)
Armour
 B - a +2 cloak (worn)
 N - a +2 robe of magic resistance
 P - +3 steam dragon scales (worn)
Rods
 J - a -3 rod of clouds (9/9)
   (You found it on level 12 of the Dungeon)
Jewellery
 i - an uncursed ring of protection from magic
 t - an uncursed ring of protection from fire
 w - a +3 ring of evasion (right hand)
 F - the ring of Robustness (left hand) {AC+8}
   (You bought it in a shop on level 6 of the Dungeon)

   [ring of protection]

   It affects your AC (+8).
 L - an uncursed ring of see invisible
 O - an uncursed ring of poison resistance
 R - an amulet of rage (around neck)
Wands
 j - a wand of teleportation (6/9)
 l - a wand of lightning (0/15)
 m - a wand of confusion (33/48)
 p - a wand of digging (8/24)
 v - a wand of disintegration (17/24)
 z - a wand of paralysis (6/24)
 A - a wand of hasting (2/9)
Scrolls
 d - 3 scrolls of recharging
 e - a scroll of blinking
 f - 14 scrolls of remove curse
 g - 6 scrolls of identify
 q - a scroll of teleportation
 x - a scroll of fear
 y - 5 scrolls of enchant armour
 M - 3 scrolls of fog
Potions
 r - 2 potions of cancellation
 u - 4 potions of curing
 C - a potion of cure mutation
 E - 2 potions of flight
 K - 2 potions of magic
 Q - a potion of agility
Books
 I - a book of Clouds

   Spells                             Type                      Level
   a - Mephitic Cloud                 Conjuration/Poison/Air       3
   b - Conjure Flame                  Conjuration/Fire             3
   c - Poisonous Cloud                Conjuration/Poison/Air       6
   d - Freezing Cloud                 Conjuration/Ice/Air          6
   e - Ring of Flames                 Charms/Fire                  7
Comestibles
 c - 20 bread rations
 h - 18 beef jerkies
 n - 7 fruits
 D - 10 meat rations
 G - 3 slices of pizza


   Skills:
 + Level 16.8 Fighting
 * Level 22.2 Maces & Flails
 + Level 5.8 Armour
 - Level 10.1 Dodging
 - Level 11.5 Invocations
 + Level 4.0 Evocations


You had 13 spell levels left.
You knew the following spells:

 Your Spells              Type           Power        Failure   Level  Hunger
a - Blink                 Tloc           N/A          56%         2    ###....


Dungeon Overview and Level Annotations

Branches:
Dungeon (14/15)            Temple (0/1) D:5            Lair (6/6) D:11
 Shoals (0/4) Lair:2       Spider (0/4) Lair:2        Slime (0/5) Lair:6
    Orc (2/2) D:11            Elf (0/3) Orc:2        Vaults (0/5) D:13

Altars:
Ashenzari
Dithmenos
Elyvilon
Gozag
Ru
Sif Muna
Trog
Uskayaw
Zin
Beogh
Jiyva

Shops:
D:6 =   D:7 (   D:8 :   D:11 [(([   Orc:2 ?!?*

Portals:
Trove: D:12 (give +2 ice dragon scales)

Annotations:
D:9 2 runed doors
Abyss:1 Prince Ribbit


Innate Abilities, Weirdness & Mutations

You are too large for most types of armour.
You have tough skin. (AC +1)


Message History

The tengu reaver pecks you but does no damage.
The tengu reaver closely misses you.
You closely miss the tengu reaver.
The tengu reaver is almost dead.
You hit the tengu reaver.
The tengu reaver is almost dead.
The tengu reaver casts a spell.
The tengu reaver conjures a globe of magical energy!
A battlesphere comes into view.
You closely miss the tengu reaver.
The tengu reaver is almost dead.
The tengu reaver hits you with a glaive!!
* * * LOW HITPOINT WARNING * * *
The tengu reaver pecks you but does no damage.
The tengu reaver claws you!
* * * LOW HITPOINT WARNING * * *
You feel much better. The tengu reaver casts a spell at you.
The freezing blast hits you!
You die...

.# . #.# ... # # #.
### #.# ###.. # . ##.#
#..##.###.#.# # Z#
...# ##..#..#.#.# ##!
# ## #..##
#.#####†##.# #. #.##.
#.†###.# #.##.# V ...#
##.(..## ##)).# #
#..###Q*##.#.####.##.#
#
#).#@(###.##.)..###.#
# #...#..##.#####=.#.#
# ##)##.}# #. #....#.#
## #.# ### ##.#####.#
.# #)# #. #..# .# #.#
#. #.## .# ... .. #.#
.## ... .# ##.# ..#
.#... .# #..#


You could see a tengu reaver and a battlesphere.

Vanquished Creatures
  Rupert (D:13)
  Kirke (Lair:4)
  A frost giant (D:14)
  A fire giant (D:14)
  A fire dragon (Lair:6)
  Harold (D:12)
  Erolcha (Orc:2)
  9 hydras
  5 centaur warriors
  2 spriggan air magi (D:14)
  Erica (Lair:2)
  2 ogre magi (Orc:2)
  Urug (Lair:2)
  2 deep trolls
  A wizard (D:14)
  An unseen horror (D:11)
  6 hill giants
  An ugly thing (D:12)
  Pikel (D:5)
  A wolf spider (D:13)
  2 orc knights
  2 orc sorcerers (Orc:2)
  3 cyclopes
  18 elephants
  6 black mambas
  Joseph (D:7)
  2 gargoyles (D:14)
  2 centaur skeletons
  Psyche (D:8)
  2 molten gargoyles (Lair:6)
  17 spiny frogs
  4 rime drakes
  12 komodo dragons
  2 efreet
  11 trolls
  2 polar bears
  A queen bee (shapeshifter) (D:14)
  6 two-headed ogres (Orc:2)
  3 slime creatures (D:14)
  16 blink frogs
  11 hippogriffs
  4 dream sheep (Lair:4)
  2 wraiths
  3 shadows
  5 wyverns
  A vampire (D:14)
  Sigmund (D:6)
  61 yaks
  8 basilisks
  3 hogs (Lair:4)
  2 hungry ghosts
  A steam dragon (Lair:6)
  16 humans (D:13)
  2 mottled dragons
  2 wargs (D:11)
  A soldier ant (D:11)
  14 water moccasins
  11 porcupines
  4 hell hounds (Lair:6)
  24 orc warriors
  3 ice beasts
  4 phantoms
  A black bear (D:8)
  3 eyes of draining
  5 sky beasts
  A necrophage (D:7)
  30 ogres
  21 centaurs
  10 wolves
  16 crocodiles
  6 big kobolds
  12 bullfrogs
  A wyvern zombie (D:13)
  5 scorpions
  A wyvern skeleton (D:12)
  12 killer bees
  4 wights
  An electric eel (D:11)
  9 howler monkeys
  2 crimson imps
  5 lava snakes (Lair:6)
  2 bullfrog zombies
  2 centaur zombies
  23 orc priests
  8 hounds
  3 jellies
  2 bullfrog skeletons
  7 iguanas
  25 orc wizards
  10 hell rats (Lair:1)
  18 worker ants
  A killer bee zombie (D:6)
  A hound zombie (D:5)
  A worker ant zombie (D:6)
  Robin (D:3)
  15 adders
  7 gnolls
  11 river rats
  3 shadow imps
  An ooze (D:4)
  2 adder zombies (D:5)
  A dart slug (D:1)
  3 worms
  11 leopard geckos
  98 orcs
  7 giant cockroaches
  12 goblins
  7 hobgoblins
  11 jackals
  5 quokkas
  2 ball pythons
  5 bats
  6 frilled lizards
  31 kobolds
  A leopard gecko skeleton (D:8)
  28 rats
852 creatures vanquished.

Vanquished Creatures (others)
  2 hydras (Lair:6)
  A fire crab (Lair:6)
  The ghost of Kaishin the Nimble, a novice SpEn of Sif Muna (D:8)
  2 hill giants (D:10)
  A cyclops (D:9)
  An ugly thing (D:11)
  A black mamba (Lair:6)
  A spiny frog (Lair:6)
  A molten gargoyle (Lair:6)
  A rime drake (Lair:2)
  5 trolls
  A two-headed ogre (D:11)
  2 blink frogs (Lair:2)
  A tarantella (Lair:2)
  A hell hound (Lair:6)
  An orc warrior (D:9)
  A bullfrog (D:6)
  A jelly (D:14)
  14 fungi
  18 plants
57 creatures vanquished.

Grand Total: 909 creatures vanquished

Notes
Turn   | Place    | Note
-------+----------+-------------------------------------------
     0 | Abyss:1  | gg19 the Ogre Abyssal Knight began the quest for the Orb.
     0 | Abyss:1  | Reached XP level 1. HP: 24/24 MP: 2/2
    13 | D:1      | Escaped the Abyss
   233 | D:1      | Reached skill level 3 in Maces & Flails
   342 | D:1      | Reached XP level 2. HP: 30/33 MP: 3/3
   600 | D:1      | Reached ** piety under Lugonu
   701 | D:1      | Reached XP level 3. HP: 33/40 MP: 4/4
   835 | D:2      | Found a hide-covered altar of Uskayaw.
   960 | D:2      | Reached skill level 5 in Fighting
   960 | D:2      | Reached skill level 4 in Maces & Flails
  1491 | D:2      | Found a glowing silver altar of Zin.
  1660 | D:2      | Reached XP level 4. HP: 50/50 MP: 5/5
  1870 | D:2      | Reached skill level 5 in Maces & Flails
  2133 | D:3      | Reached XP level 5. HP: 23/57 MP: 6/6
  2624 | D:3      | Reached *** piety under Lugonu
  2675 | D:3      | Noticed Robin
  2687 | D:3      | Killed Robin
  2687 | D:3      | Reached skill level 6 in Maces & Flails
  3193 | D:3      | Reached XP level 6. HP: 55/67 MP: 7/7
  3439 | D:3      | Found a deep blue altar of Sif Muna.
  3714 | D:4      | Reached skill level 7 in Maces & Flails
  4008 | D:4      | Found a bloodstained altar of Trog.
  4008 | D:4      | Found a white marble altar of Elyvilon.
  4533 | D:4      | Found a sacrificial altar of Ru.
  4988 | D:4      | Reached skill level 8 in Maces & Flails
  5005 | D:5      | Entered Level 5 of the Dungeon
  5040 | D:5      | Reached **** piety under Lugonu
  5040 | D:5      | Reached XP level 7. HP: 50/76 MP: 8/8
  5537 | D:5      | Reached skill level 9 in Maces & Flails
  6419 | D:5      | Got an iridescent hunting sling
  6457 | D:5      | Found a staircase to the Ecumenical Temple.
  6598 | D:5      | Reached XP level 8. HP: 33/87 MP: 9/9
  6912 | D:5      | Found a shadowy altar of Dithmenos.
  6982 | D:5      | Reached skill level 10 in Maces & Flails
  8266 | D:6      | Noticed Pikel
  8517 | D:6      | Found Ummoti's Jewellery Emporium.
  8665 | D:6      | Reached skill level 11 in Maces & Flails
  8838 | D:6      | Reached XP level 9. HP: 45/96 MP: 12/12
  9063 | D:5      | Killed Pikel
  9730 | D:6      | Noticed Sigmund
  9865 | D:6      | Killed Sigmund
  9865 | D:6      | Reached skill level 12 in Maces & Flails
  9865 | D:6      | Reached skill level 5 in Invocations
 10201 | D:6      | Learned a level 2 spell: Blink
 10225 | D:6      | Identified the +6 hunting sling of Disgust {flame, rElec} (You found it on level 5 of the Dungeon)
 10475 | D:7      | Found Biviohac's Antique Weapon Shoppe.
 10534 | D:7      | Found a shattered altar of Ashenzari.
 10723 | D:7      | Noticed Joseph
 10738 | D:7      | Killed Joseph
 11103 | D:7      | Reached skill level 5 in Dodging
 11103 | D:7      | Reached XP level 10. HP: 81/106 MP: 14/14
 11621 | D:8      | Noticed Psyche
 11633 | D:7      | Reached skill level 13 in Maces & Flails
 11772 | D:8      | Killed Psyche
 11983 | D:8      | Found Rithowol's Book Emporium.
 12005 | D:8      | Noticed a hill giant
 12268 | D:8      | Noticed Kaishin's ghost (novice SpEn)
 12639 | D:7      | Reached skill level 10 in Fighting
 15668 | D:8      | Banished Kaishin's ghost
 15668 | D:8      | Reached skill level 14 in Maces & Flails
 15802 | D:9      | Found a runed door.
 16254 | D:9      | Noticed an ice dragon
 16260 | D:9      | Found a runed door.
 16260 | D:9      | Noticed an ice dragon
 16260 | D:9      | Noticed a fire dragon
 16262 | D:9      | Noticed a fire dragon
 16663 | D:9      | Reached XP level 11. HP: 42/119 MP: 16/16
 17450 | D:9      | Noticed a cyclops
 17450 | D:9      | Banished a cyclops
 17710 | D:9      | Found an opulent altar of Gozag.
 18414 | D:10     | Entered Level 10 of the Dungeon
 18630 | D:10     | Noticed a centaur warrior
 18645 | D:10     | Killed a centaur warrior
 18645 | D:10     | Reached skill level 15 in Maces & Flails
 19104 | D:10     | Noticed a hill giant
 19112 | D:10     | Banished a hill giant
 19416 | D:10     | Noticed a hill giant
 19432 | D:10     | Banished a hill giant
 20027 | D:11     | Found a staircase to the Orcish Mines.
 20027 | D:11     | Noticed a cyan ugly thing
 20029 | D:11     | Banished a cyan ugly thing
 20749 | D:6      | Bought an uncursed ring of see invisible for 210 gold pieces
 21034 | D:11     | Noticed an unseen horror
 21054 | D:11     | Killed an unseen horror
 21146 | D:11     | Found Popsi's Armour Emporium.
 21608 | D:11     | Reached skill level 16 in Maces & Flails
 21642 | D:11     | Reached XP level 12. HP: 116/132 MP: 18/18
 22037 | D:11     | Found Iziamoboqa's Antique Armour Boutique.
 22264 | D:11     | Found a staircase to the Lair.
 22711 | D:11     | Found Foboeb's Weapon Boutique.
 22902 | D:11     | Found Wimoih's Weapon Shoppe.
 23187 | D:12     | Reached skill level 17 in Maces & Flails
 23551 | D:12     | Noticed Harold
 23555 | D:12     | Killed Harold
 23857 | D:12     | Found a portal to a secret trove of treasure.
 24091 | Lair:1   | Entered Level 1 of the Lair of Beasts
 24342 | Lair:1   | Reached ***** piety under Lugonu
 24542 | Lair:1   | Identified a -3 rod of clouds (9/9) (You found it on level 12 of the Dungeon)
 25219 | Lair:1   | Reached XP level 13. HP: 144/144 MP: 20/20
 25355 | Lair:1   | Reached skill level 10 in Invocations
 25575 | Lair:2   | Noticed Erica
 25577 | Lair:2   | Noticed Urug
 25816 | Lair:2   | Found a hole to the Spider Nest.
 26300 | Lair:2   | Found a staircase to the Shoals.
 26354 | Lair:2   | Killed Erica
 26354 | Lair:2   | Reached skill level 18 in Maces & Flails
 26401 | Lair:2   | Noticed Prince Ribbit
 26410 | Lair:2   | Killed Urug
 26420 | Lair:2   | Banished Prince Ribbit
 28938 | Lair:3   | Reached skill level 19 in Maces & Flails
 29345 | Lair:4   | Reached XP level 14. HP: 98/156 MP: 22/22
 30426 | Lair:4   | Noticed Kirke
 30454 | Lair:4   | Killed Kirke
 30454 | Lair:4   | Reached skill level 10 in Dodging
 31100 | Lair:5   | You fall through a shaft!
 31100 | Lair:6   | Entered Level 6 of the Lair of Beasts
 31653 | Lair:6   | Reached skill level 1 in Armour
 32039 | Lair:6   | Reached ****** piety under Lugonu
 32141 | Lair:6   | Reached skill level 20 in Maces & Flails
 32159 | Lair:6   | Found a viscous altar of Jiyva.
 32160 | Lair:6   | Found a staircase to the Slime Pits.
 32507 | Lair:6   | Reached skill level 15 in Fighting
 34192 | Lair:6   | Reached XP level 15. HP: 46/167 MP: 23/23
 34680 | Lair:6   | Found a large runed door.
 34682 | Lair:6   | Found a large runed door.
 35153 | Lair:6   | Reached skill level 21 in Maces & Flails
 35445 | Lair:6   | Got a translucent bardiche
 35446 | Lair:6   | Identified the cursed +2 bardiche "Gieseots" {chop, Int+2 Dex+3} (You found it on level 6 of the Lair of Beasts)
 35793 | Orc:1    | Entered Level 1 of the Orcish Mines
 36557 | Orc:2    | Entered Level 2 of the Orcish Mines
 37039 | Orc:2    | Found a roughly hewn altar of Beogh.
 37415 | Orc:2    | Noticed Erolcha
 37424 | Orc:2    | Killed Erolcha
 37424 | Orc:2    | Reached skill level 1 in Evocations
 37973 | Orc:2    | Found Xepiuz's Assorted Antiques.
 38313 | Orc:2    | Found Monunu's Distillery.
 38318 | Orc:2    | Found Fukicom's Magic Scroll Shoppe.
 38323 | Orc:2    | Found Fuva's Magic Scroll Boutique.
 38376 | Orc:2    | Found a staircase to the Elven Halls.
 38646 | D:6      | Bought the ring of Robustness {AC+8} for 1792 gold pieces
 38946 | D:13     | Noticed Rupert
 38947 | D:13     | Paralysed by Rupert for 7 turns
 39000 | D:13     | Killed Rupert
 39001 | D:13     | Reached skill level 5 in Armour
 39118 | D:13     | Found a gate to the Vaults.
 39906 | D:14     | Reached XP level 16. HP: 169/180 MP: 24/24
 39916 | D:14     | Paralysed by a wizard for 7 turns
 40338 | D:14     | Reached skill level 22 in Maces & Flails
 40868 | D:14     | Noticed a tengu reaver
 40883 | D:14     | HP: 4/182 [tengu reaver/glaive (8)]
 40884 | D:14     | Killed from afar by a tengu reaver

Skill      XL: |  1  2  3  4  5  6  7  8  9 10 11 12 13 14 15 16 |
---------------+-------------------------------------------------+-----
Maces & Flails | 3 4 5 6 8 9 11 12 14 16 17 19 20 21 22 | 22.2
Fighting       | 5 6 7 8 9 10 11 13 14 15 16 | 16.8
Invocations    | 4 5 7 8 9 11 | 11.5
Dodging        | 3 5 6 7 8 9 10 | 10.1
Armour         | 3 5 |  5.8
Evocations     | 3 4 |  4.0

Action                   |  1- 3 |  4- 6 |  7- 9 | 10-12 | 13-15 | 16-18 || total
-------------------------+-------+-------+-------+-------+-------+-------++-------
Melee: Mace              |   128 |   244 |   424 |   800 |       |       ||  1596
       Giant spiked club |       |       |       |   329 |  1126 |    80 ||  1535
 Fire: Hunting sling     |       |       |       |     5 |     9 |       ||    14
Throw: Tomahawk          |       |     3 |     8 |     2 |     7 |       ||    20
       Throwing net      |       |       |       |       |     1 |       ||     1
Invok: Banish            |       |       |       |    14 |    16 |     1 ||    31
 Abil: Evoke Berserk Rag |       |       |       |       |     1 |       ||     1
Evoke: Wand              |       |       |       |     6 |    13 |       ||    19
       Rod               |       |       |       |       |     3 |       ||     3
  Use: Scroll            |       |     3 |    23 |    14 |     6 |     3 ||    49
       Potion            |       |       |     2 |    10 |     4 |     1 ||    17
 Stab: Sleeping          |       |     1 |     1 |       |       |       ||     2
       Held in net/web   |       |       |       |       |     1 |       ||     1
       Distracted        |       |       |       |       |     1 |       ||     1
  Eat: Chunk             |     3 |    10 |    18 |    40 |    49 |     1 ||   121
       Pizza             |       |       |     1 |       |       |       ||     1
       Fruit             |       |       |       |    13 |     4 |     2 ||    19
       Royal jelly       |       |       |       |       |     1 |       ||     1
Armor: Robe              |    39 |    48 |    91 |   188 |       |       ||   366
       Steam dragon scal |       |       |       |   106 |   301 |    55 ||   462
Dodge: Dodged            |    79 |   127 |   160 |   618 |   858 |    38 ||  1880
